 Dungeon Crawl Stone Soup version 0.22-a0-284-g99d1f74 (webtiles) character file.

79 medis the Cutter (level 4, -3/30 HPs)
             Began as a Halfling Skald on Mar 22, 2018.
             Slain by a scorpion (4 damage)
             ... on level 4 of the Dungeon.
             The game lasted 00:04:16 (2144 turns).

medis the Cutter (Halfling Skald)                   Turns: 2144, Time: 00:04:16

Health: -3/30      AC:  4    Str: 12    XL:     4   Next: 62%
Magic:  4/6        EV: 14    Int: 16    God:
Gold:   75         SH:  0    Dex: 14    Spells: 5/6 levels left

rFire    . . .     SeeInvis .   a - +0 short sword
rCold    . . .     Gourm    .   (shield restricted)
rNeg     . . .     Faith    .   b - +0 leather armour
rPois    .         Spirit   .   h - +0 helmet
rElec    .         Reflect  .   (no cloak)
rCorr    .         Harm     .   (no gloves)
MR       .....                  (no boots)
Stlth    ++........             (no amulet)
HPRegen  0.10/turn              (no ring)
MPRegen  0.10/turn              (no ring)

@: brilliant, lethally poisoned (-3 -> -14), infused (expiring), flying
A: small, mutation resistance 1
a: no special abilities


You were on level 4 of the Dungeon.
You were not hungry.

You visited 1 branch of the dungeon, and saw 4 of its levels.

You collected 75 gold pieces.

Inventory:

Hand Weapons
 a - a +0 short sword (weapon)
Missiles
 k - a throwing net (quivered)
Armour
 b - a +0 leather armour (worn)
 h - a +0 helmet (worn)
Jewellery
 j - a cursed ring of loudness {unknown}
 o - a cursed ring of loudness {unknown}
Scrolls
 c - 3 scrolls of enchant armour {unknown}
 f - 4 scrolls of identify {unknown}
 g - 3 scrolls of remove curse {unknown}
 i - a scroll of immolation {unknown}
 m - a scroll of fear {unknown}
 p - 2 scrolls of teleportation {unknown}
Potions
 e - a potion of agility
Comestibles
 d - 10 rations
 q - 3 chunks of flesh


   Skills:
 + Level 2.5 Fighting
 * Level 4.2 Short Blades
 - Level 1.1 Armour
 - Level 2.2 Dodging
 + Level 2.0 Stealth
 - Level 1.5 Spellcasting
 - Level 3.2 Charms


You had 5 spell levels left.
You knew the following spells:

 Your Spells              Type           Power        Failure   Level  Hunger
a - Infusion              Chrm           ###.         1%          1    ##.....


Dungeon Overview and Level Annotations

Branches:
Dungeon (4/15)
 Temple: D:4-7

Altars:
Trog


Innate Abilities, Weirdness & Mutations

You are small and have problems with some larger weapons.
You are somewhat resistant to further mutation.


Message History

The scorpion is heavily wounded.
The scorpion barely misses you.
It was a potion of brilliance.
You feel clever all of a sudden.
* * * LOW HITPOINT WARNING * * *
You feel sick. The scorpion barely misses you.
It was a potion of flight.
You feel very buoyant.
You fly up into the air.
The scorpion stings you.
* * * LOW HITPOINT WARNING * * *
You are more poisoned.
The scorpion poisons you!
Okay, then.
Unknown command.
You hit the scorpion.
The scorpion is almost dead.
Your magical infusion is running out.
* * * LOW HITPOINT WARNING * * *
You feel sick. The scorpion stings you.
You die...

#............. #############
#............. ............#
#............. ............#
#.........(... ............#
#............. ............#
#........$.<.. ............#
#.............
............#######.............
.##.............@s).............
.........#######################
..#.#.......# ..#.####.##.#
###<......#.# #.#..#..#.##
#.#........# #.#.#####..#
#..........#


You could see a scorpion.

Vanquished Creatures
  4 adders
  An ooze (D:1)
  A worm (D:2)
  An orc (D:4)
  3 bats
  4 giant cockroaches (D:1)
  5 goblins
  3 hobgoblins (D:2)
  2 kobolds
  A quokka (D:2)
  5 frilled lizards
  5 rats
35 creatures vanquished.

Notes
Turn   | Place    | Note
-------+----------+-------------------------------------------
     0 | D:1      | medis the Halfling Skald began the quest for the Orb.
     0 | D:1      | Reached XP level 1. HP: 14/14 MP: 3/3
   186 | D:1      | Reached XP level 2. HP: 19/19 MP: 4/4
   386 | D:1      | Reached skill level 3 in Short Blades
   649 | D:2      | Reached skill level 1 in Stealth
   649 | D:2      | Reached XP level 3. HP: 24/24 MP: 5/5
  1393 | D:2      | Reached XP level 4. HP: 29/29 MP: 6/6
  1573 | D:3      | Reached skill level 4 in Short Blades
  1922 | D:3      | Found a bloodstained altar of Trog.
  2144 | D:4      | HP: 1/30 [poisoned by a scorpion]
  2144 | D:4      | Slain by a scorpion

Vault maps used:
D:1:      grunt_arrival_lava_bath
D:2:      first_ration
D:3:      bloody_trog, uniq_grinder
D:4:      uniq_ijyb, uniq_menkaure

Skill      XL: |  1  2  3  4 |
---------------+-------------+-----
Fighting       | 2 |  2.5
Short Blades   | 3 4 |  4.2
Stealth        | 1 2 |  2.0
Armour         | |  1.1
Dodging        | |  2.2
Spellcasting   | |  1.5
Charms         | |  3.2

Action                   |  1- 3 |  4- 6 || total
-------------------------+-------+-------++-------
Melee: Short sword       |    95 |    41 ||   136
 Cast: Infusion          |     1 |     1 ||     2
  Use: Potion            |     1 |     2 ||     3
 Stab: Sleeping          |     4 |     1 ||     5
  Eat: Chunk             |     2 |     2 ||     4
Armor: Leather armour    |    24 |     5 ||    29
Dodge: Dodged            |    70 |    18 ||    88

Table legend:
 A = Spawn XP
 B = Non-spawn XP
 C = Spawn XP percentage of total XP
 D = Spawn monster count
 E = Non-spawn monster count
 F = Spawn count percentage of total count
 G = Total turns spent on level
                    A         B        C        D         E        F      G
               +---------+---------+-------+---------+---------+-------+---------
         Total |       0 |     113 |   0.0 |       0 |      35 |   0.0 |  2144
               +---------+---------+-------+---------+---------+-------+---------
           D:1 |       0 |      25 |   0.0 |       0 |      11 |   0.0 |   877
           D:2 |       0 |      47 |   0.0 |       0 |      12 |   0.0 |   617
           D:3 |       0 |      36 |   0.0 |       0 |       9 |   0.0 |   471
           D:4 |       0 |       5 |   0.0 |       0 |       3 |   0.0 |   179
               +---------+---------+-------+---------+---------+-------+---------
